 Dungeon Crawl Stone Soup version 0.30-a0-1116-gebefce21f7 (webtiles) character file.

Game seed: 5614342835835677464

38125 Pooter the Severer (level 13, 0/125 HPs)
             Began as a Minotaur Berserker on Apr 21, 2023.
             Was an Elder of Trog.
             Slain by a harpy (5 damage)
             ... on level 5 of the Lair of Beasts.
             The game lasted 01:25:45 (16773 turns).

Pooter the Severer (Minotaur Berserker)            Turns: 16773, Time: 01:25:46

Health: 0/125      AC: 13    Str: 32    XL:     13   Next: 62%
Magic:  12/12      EV: 13    Int:  4    God:    Trog [****..]
Gold:   891        SH:  0    Dex: 17    Spells: 12/12 levels left

rFire   + . .      SeeInvis .    a - +7 war axe (heavy)
rCold   . . .      Faith    .    (no shield)
rNeg    + + .      Spirit   .    k - +3 ring mail {rF+}
rPois   .          Reflect  .    (helmet restricted)
rElec   .          Rampage  .    (no cloak)
rCorr   .                        M - +0 pair of gloves
Will    ++...                    p - +2 pair of boots
Stlth   ++                       d - amulet of Azxisk {rC- rN++ Regen+ Dex+6}
HPRegen 2.20/turn                S - +6 ring of strength
MPRegen 0.13/turn                I - ring of protection from cold

@: mighty, strong-willed, regenerating, studying Invocations
A: horns 2, retaliatory headbutt
a: Renounce Religion, Berserk, Trog's Hand, Brothers in Arms


You were on level 5 of the Lair of Beasts.
You worshipped Trog.
Trog was greatly pleased with you.
You visited 2 branches of the dungeon, and saw 16 of its levels.
You also visited: Sewer and Ossuary.

You collected 1187 gold pieces.
You spent 296 gold pieces at shops.

Inventory:

Hand Weapons
 a - a +7 heavy war axe (weapon)
   (You took it off a wight on level 6 of the Dungeon)
 b - a +2 arbalest
   (You took it off an orc warrior on level 11 of the Dungeon)
 r - a +2 flail of protection
   (You took it off a gnoll on level 4 of the Dungeon)
 y - a +1 eveningstar
   (You took it off Urug on level 10 of the Dungeon)
 R - a +0 antimagic war axe
   (You took it off an orc warrior on level 6 of the Dungeon)
 W - a +1 flail of holy wrath
   (You took it off a gnoll on level 9 of the Dungeon)
Missiles
 q - 9 boomerangs
 v - 32 poisoned darts (quivered)
 L - 5 curare-tipped darts
 U - 3 datura-tipped darts
 Y - 2 atropa-tipped darts
 Z - 12 silver javelins
Armour
 k - a +3 ring mail of fire resistance (worn)
   (You took it off Ijyb on level 3 of the Dungeon)
 p - a +2 pair of boots (worn)
   (You found it on level 4 of the Dungeon)
 z - a +4 chain mail of positive energy
   (You took it off Urug on level 10 of the Dungeon)
 M - a +0 pair of gloves (worn)
   (You found it on level 8 of the Dungeon)
Jewellery
 d - the amulet of Azxisk (around neck) {rC- rN++ Regen+ Dex+6}
   (You found it on level 11 of the Dungeon)

   [amulet of regeneration]

   Dex:       It affects your dexterity (+6).
   rC:        It makes you vulnerable to cold.
   rN:        It greatly protects you from negative energy.
   Regen:     It increases your rate of health regeneration.
 B - an amulet of the acrobat
   (You took it off a kobold on level 4 of the Dungeon)
 C - a ring of resist corrosion
   (You found it on level 2 of the Dungeon)
 F - a ring of protection from fire
   (You found it on level 2 of the Lair of Beasts)
 G - an amulet of regeneration
   (You found it on level 1 of the Lair of Beasts)
 I - a ring of protection from cold (right hand)
   (You found it on level 10 of the Dungeon)
 N - a ring of positive energy
   (You found it on level 1 of the Dungeon)
 P - an amulet of reflection
   (You found it on level 11 of the Dungeon)
 S - a +6 ring of strength (left hand)
   (You found it on level 8 of the Dungeon)
Wands
 f - a wand of flame (11)
   (You took it off Ijyb on level 3 of the Dungeon)
 u - a wand of paralysis (9)
   (You found it on level 7 of the Dungeon)
 D - a wand of digging (3)
   (You took it off a centaur on level 10 of the Dungeon)
 T - a wand of light (12)
   (You found it on level 7 of the Dungeon)
 X - a wand of roots (6)
   (You found it on level 9 of the Dungeon)
Scrolls
 e - 3 scrolls of magic mapping
 t - 7 scrolls of teleportation {@r4}
 x - 3 scrolls of blinking
 H - 4 scrolls of poison {!r}
 O - a scroll of silence
 Q - 3 scrolls of fear
 V - 4 scrolls of enchant armour
Potions
 c - 11 potions of curing {@q1}
 g - 6 potions of lignification {!q}
 h - 7 potions of flight
 j - 3 potions of invisibility
 l - 5 potions of attraction {!q}
 m - 2 potions of ambrosia
 n - 5 potions of haste {@q3}
 o - 2 potions of brilliance {unknown}
 s - 2 potions of might
 w - 7 potions of heal wounds {@q2}
 A - a potion of cancellation {unknown}
 E - 2 potions of resistance {unknown}
 K - 2 potions of mutation {!q}


   Skills:
 + Level 14.7 Fighting
 - Level 16.0 Axes
 * Level 15.1 Ranged Weapons
 + Level 2.7 Throwing
 + Level 5.3 Armour
 + Level 4.0 Dodging
 + Level 2.4 Stealth
 + Level 3.0 Evocations


You had 12 spell levels left.
You didn't know any spells.
Your spell library was empty.

Dungeon Overview and Level Annotations

Branches:
Dungeon (11/15)            Temple (0/1) D:5            Lair (5/5) D:11
  Swamp (0/4) Lair:3        Snake (0/4) Lair:3        Slime (0/5) Lair:5
    Orc (0/2) D:11          Sewer (visited)         Ossuary (visited)

Altars:
Ashenzari
Kikubaaqudgha
Sif Muna
Trog
Vehumet
Xom
Yredelemnul
Jiyva

Shops:
D:7 *


Innate Abilities, Weirdness & Mutations

You have a pair of horns on your head.
You reflexively headbutt those who attack you in melee.


Message History

The merfolk avatar chants its luring song.
The snapping turtle bites you but does no damage. x2
Found four items.
The snapping turtle closely misses you.
The snapping turtle bites you from afar! x2
* * * LOW HITPOINT WARNING * * *
The merfolk avatar chants its luring song.
The snapping turtle bites you but does no damage.
The snapping turtle barely misses you.
The snapping turtle bites you from afar!
* * * LOW HITPOINT WARNING * * *
You feel very mighty all of a sudden.
The merfolk avatar chants its luring song.
The snapping turtle bites you but does no damage.
The komodo dragon bites you!
* * * LOW HITPOINT WARNING * * *
The snapping turtle bites you from afar.
* * * LOW HITPOINT WARNING * * *
The snapping turtle misses you.
You are too mesmerised to rage.
Unknown command.
You chop the komodo dragon into pieces!!!
You kill the komodo dragon!
Trog accepts your kill.
You slash the komodo dragon!
The pull of its song draws you forwards.
The merfolk avatar chants its luring song.
The snapping turtle closely misses you. The komodo dragon misses you.
The snapping turtle closely misses you. You furiously retaliate!
You headbutt the snapping turtle.
Your Dodging skill increases to level 4!
Your Evocations skill increases to level 3!
You slice the merfolk avatar!! You slash the snapping turtle!
You slash the komodo dragon! You barely miss the polar bear.
The merfolk avatar chants its luring song.
The polar bear misses you. The polar bear closely misses you.
The polar bear claws you but does no damage.
The snapping turtle closely misses you.
The snapping turtle bites you from afar!!
* * * LOW HITPOINT WARNING * * *
The komodo dragon barely misses you. The snapping turtle closely misses you.
You furiously retaliate!
You headbutt the snapping turtle!
Unknown command.
You open the merfolk avatar like a pillowcase!!!
You break out of your daze!
You kill the merfolk avatar!
Trog accepts your kill.
Trog appreciates your killing of a magic user.
You hit the snapping turtle. You closely miss the komodo dragon.
You slice the harpy!! You slice the polar bear!! The harpy claws you.
You die...

.......~~~~~~~~~~~~P~~~
......~~.~#~~#~#.~##~~##
......##~..~.~P..~~~~~~
.....~##~~#~#~#~.8~#~#
.....~~~~..8†~~~~~~~~P
......~~~.##.~#~~~~#####
.....~~#~~#†~.t~t~~~~~⌠#
......~#~P#~~~~h~~~~~~~#
....†.~P~~#~~~##@l##~~~#
......~~~~#~~~#$tH!# #
......~~.~#~~~#!≈≈!#
.....~#~~~#~~h#)≈≈)~~
.....~~~~~#~~~~[![!#~~
..P..~~~~~#~~~####~.~~~#
...#.~##~.#~~~ ~8~.~#
..#...~#P~# ~ ..~~⌠#
#.#..~~~~P#


You could see 3 snapping turtles, a polar bear, a komodo dragon and a harpy.

Vanquished Creatures
  A minotaur (Lair:2)
  2 hydras
  A catoblepas (D:10)
  3 boulder beetles
  A merfolk avatar (Lair:5)
  A two-headed ogre (D:9)
  Urug (D:10)
  Nergalle (Lair:2)
  A skyshark (Lair:4)
  Lodul (D:11)
  A harpy (Lair:5)
  An ugly thing (D:11)
  A manticore (D:10)
  9 elephants
  A torpor snail (Lair:3)
  2 black mambas (Lair:3)
  10 cane toads
  An unseen horror (D:7)
  5 rime drakes
  5 komodo dragons
  3 polar bears
  21 blink frogs
  6 dream sheep
  3 tyrant leeches (Lair:3)
  3 hornets
  2 wyverns
  2 wraiths
  33 yaks
  A basilisk (Lair:2)
  A vampire mosquito (D:8)
  A steam dragon (D:7)
  14 water moccasins
  Duvessa (D:4)
  8 orc warriors
  7 ice beasts
  2 sky beasts
  A black bear (D:6)
  3 wolves (D:11)
  10 ogres
  5 centaurs
  A phantom (D:5)
  Blork the orc (D:4)
  2 kobold brigands (Sewer)
  7 bullfrogs
  A gnoll sergeant (D:9)
  3 scorpions
  5 wights (D:6)
  Dowan (D:4)
  5 killer bees (D:9)
  5 howler monkeys
  2 electric eels
  2 jellies
  7 orc priests
  A human zombie (Ossuary)
  A gnoll bouda (D:4)
  4 hounds
  4 iguanas
  A sleepcap (D:5)
  Ijyb (D:3)
  8 orc wizards
  3 mummies (Ossuary)
  25 gnolls
  10 adders
  11 river rats
  2 white imps
  A worm (D:2)
  4 dart slugs
  36 orcs
  7 endoplasms
  5 giant cockroaches
  9 goblins
  9 hobgoblins
  9 jackals
  2 quokkas
  14 ball pythons
  4 bats
  4 frilled lizards
  A gnoll zombie (Ossuary)
  3 goblin zombies (Ossuary)
  A hobgoblin zombie (Ossuary)
  21 kobolds
  2 kobold zombies (Ossuary)
  20 rats
441 creatures vanquished.

Vanquished Creatures (others)
  2 orc priests
  15 fungi
  25 plants
42 creatures vanquished.

Grand Total: 483 creatures vanquished

Notes
Turn   | Place    | Note
-------+----------+-------------------------------------------
     0 | D:1      | Pooter the Minotaur Berserker began the quest for the Orb.
     0 | D:1      | Reached XP level 1. HP: 19/19 MP: 0/0
    98 | D:1      | Reached skill level 4 in Axes
   350 | D:1      | Found a faded altar of an unknown god.
   356 | D:1      | Reached XP level 2. HP: 17/27 MP: 1/1
   989 | D:2      | Reached XP level 3. HP: 18/33 MP: 2/2
  1216 | D:2      | Reached ** piety under Trog
  1310 | D:2      | Reached skill level 5 in Axes
  1749 | D:3      | Noticed Ijyb
  1761 | D:2      | Reached XP level 4. HP: 40/41 MP: 3/3
  1913 | D:3      | Killed Ijyb
  2202 | D:3      | Reached skill level 6 in Axes
  2202 | D:3      | Reached XP level 5. HP: 47/47 MP: 4/4
  2433 | D:3      | Reached skill level 5 in Fighting
  2734 | D:4      | Reached skill level 7 in Axes
  2737 | D:4      | Reached XP level 6. HP: 56/56 MP: 5/5
  2741 | D:4      | Found a sand-covered staircase.
  2784 | Ossuary  | Entered an ossuary
  2784 | Ossuary  | Noticed a wraith
  2784 | Ossuary  | Noticed a wraith
  2784 | Ossuary  | Noticed a wraith
  2836 | Ossuary  | Reached *** piety under Trog
  3110 | Ossuary  | Noticed a wraith
  3113 | Ossuary  | Killed a wraith
  3114 | Ossuary  | Reached skill level 8 in Axes
  3234 | Ossuary  | Reached XP level 7. HP: 63/63 MP: 6/6
  3442 | D:4      | Noticed Blork the orc
  3449 | D:4      | Killed Blork the orc
  3642 | D:4      | Noticed Dowan
  3644 | D:4      | Noticed Duvessa
  3654 | D:4      | Killed Duvessa
  3655 | D:4      | Reached skill level 9 in Axes
  3658 | D:4      | Killed Dowan
  4371 | D:5      | Entered Level 5 of the Dungeon
  4424 | D:5      | Reached XP level 8. HP: 73/73 MP: 7/7
  4440 | D:5      | Reached skill level 10 in Axes
  4758 | D:5      | Found a staircase to the Ecumenical Temple.
  4889 | D:5      | Found a shimmering altar of Xom.
  5159 | D:6      | Found a glowing drain.
  5185 | Sewer    | Entered a sewer
  5308 | Sewer    | Reached skill level 11 in Axes
  5329 | Sewer    | Reached **** piety under Trog
  5784 | D:6      | Reached skill level 12 in Axes
  5784 | D:6      | Reached XP level 9. HP: 74/82 MP: 8/8
  6019 | D:6      | Identified the +7 quarterstaff of the Healing Seer {chaos,
                  | Drain rElec rN+++ Int+2}
  6301 | D:6      | Found a bloodstained altar of Trog.
  6308 | D:6      | Reached skill level 1 in Ranged Weapons
  6663 | D:7      | Reached ***** piety under Trog
  6673 | D:7      | Found a basalt altar of Yredelemnul.
  6919 | D:7      | Killed an unseen horror
  6920 | D:7      | Reached skill level 13 in Axes
  6986 | D:7      | Found a radiant altar of Vehumet.
  7004 | D:7      | Found an ancient bone altar of Kikubaaqudgha.
  7005 | D:7      | Found a shimmering blue altar of Sif Muna.
  7034 | D:7      | Reached skill level 1 in Evocations
  7093 | D:7      | Found Tuichud's General Store.
  7103 | D:7      | Bought a potion of attraction for 36 gold pieces
  7103 | D:7      | Bought a potion of might for 48 gold pieces
  7103 | D:7      | Bought a potion of lignification for 36 gold pieces
  7103 | D:7      | Bought a scroll of enchant armour for 90 gold pieces
  7103 | D:7      | Bought a wand of paralysis (3) for 86 gold pieces
  7867 | D:8      | Reached XP level 10. HP: 93/93 MP: 9/9
  7881 | D:8      | Reached skill level 10 in Fighting
  7954 | D:8      | Reached skill level 5 in Ranged Weapons
  8280 | D:9      | Noticed a two-headed ogre
  8326 | D:9      | Reached skill level 14 in Axes
  8977 | D:9      | Found a broken altar of Ashenzari.
  9081 | D:9      | Killed a two-headed ogre
  9233 | D:10     | Entered Level 10 of the Dungeon
  9675 | D:10     | Noticed a manticore
  9677 | D:10     | Noticed a catoblepas
  9683 | D:10     | Killed a manticore
  9684 | D:10     | Reached XP level 11. HP: 102/102 MP: 10/10
  9691 | D:10     | Killed a catoblepas
  9692 | D:10     | Reached skill level 15 in Axes
  9745 | D:10     | Noticed Urug
  9753 | D:10     | Killed Urug
 10286 | D:11     | Noticed a boulder beetle
 10294 | D:11     | Killed a boulder beetle
 10318 | D:11     | Identified the amulet of Azxisk {rC- rN++ Regen+ Dex+6}
 10447 | D:11     | Noticed a white ugly thing
 10456 | D:11     | Killed a white ugly thing
 10522 | D:11     | Found a staircase to the Orcish Mines.
 10733 | D:11     | Noticed Lodul
 10748 | D:11     | Killed Lodul
 10886 | D:11     | Reached skill level 16 in Axes
 11264 | D:11     | Reached skill level 10 in Ranged Weapons
 11300 | D:11     | Found a staircase to the Lair.
 11516 | Lair:1   | Entered Level 1 of the Lair of Beasts
 11954 | Lair:1   | Reached XP level 12. HP: 94/113 MP: 11/11
 12848 | Lair:2   | Found a runed translucent door.
 12892 | Lair:2   | Noticed Nergalle
 12911 | Lair:2   | Killed Nergalle
 13004 | Lair:2   | Noticed a boulder beetle
 13016 | Lair:2   | Killed a boulder beetle
 13864 | Lair:2   | Noticed a minotaur
 13874 | Lair:2   | Killed a minotaur
 14122 | Lair:3   | Found a staircase to the Snake Pit.
 14339 | Lair:3   | Found a staircase to the Swamp.
 14582 | Lair:3   | Noticed a boulder beetle
 14590 | Lair:3   | Killed a boulder beetle
 14660 | Lair:3   | Noticed a six-headed hydra
 14669 | Lair:3   | Killed a six-headed hydra
 15165 | Lair:4   | Reached XP level 13. HP: 125/125 MP: 12/12
 15375 | Lair:4   | Reached skill level 1 in Throwing
 15382 | Lair:4   | Reached skill level 1 in Stealth
 16288 | Lair:5   | Entered Level 5 of the Lair of Beasts
 16369 | Lair:4   | Reached skill level 5 in Armour
 16541 | Lair:5   | Reached skill level 15 in Ranged Weapons
 16571 | Lair:5   | Found a viscous altar of Jiyva.
 16575 | Lair:5   | Found a staircase to the Slime Pits.
 16772 | Lair:5   | HP: 3/125 [snapping turtle (21)]
 16773 | Lair:5   | Slain by a harpy

Illustrated notes

Levels and vault maps discovered:
D:1:      shiori_arrival_elements, layout_basic,
          hellmonk_ecumenical_altar_crossroads, minivault_4, st_stairs_1,
          amcnicky_mini_pool_small
D:2:      layout_loops_cross, minmay_curled_crystal
D:3:      layout_loops_ring, uniq_ijyb
D:4:      layout_layer_cave, enter_ossuary_2, uniq_blork_the_orc, uniq_duvessa
D:5:      layout_gridville, tgw_xom, minmay_temple_entry_drinking_statues,
          dk_vineyard_3, hangedman_decor_peaks_small
D:6:      nicolae_cairo_tiling_very_big, layout_gridville, trog_antimagical,
          portal_sewer_entry_b, hangedman_abyss_or_decor_stagger,
          grunt_ministairs_3
D:7:      layout_cave_pools, grunt_temple_overflow_magic_moments,
          mainiacjoe_overflow_chevrons, serial_shops,
          nicolae_shop_tiny_statue_garden
D:8:      wad_cavern_with_rooms, layout_basic
D:9:      layout_gridville, ashenzari_altar_1
D:10:     nzn_motion_control, layout_loops_ring, uniq_urug
D:11:     layout_loops_ring, hellmonk_lair_entry_icy, david_orc_3,
          moated_statue, serial_park_tiny_1, hangedman_abyss_or_decor_clamps,
          uniq_lodul
Lair:1:   layout_cave_pods, serial_bayou_pond_b, st_stairs_3
Lair:2:   dreamdust_labyrinth, layout_gridlike, uniq_nergalle
Lair:3:   layout_loops_ring, minmay_swamp_entry_worms,
          guppyfry_snake_entry_island, chequers_serial_rivers_small_3
Lair:4:   layout_cave_pods, serial_bayou_shore_a
Lair:5:   gammafunk_lair_ancient_temple, layout_cave_shapes, slime_entry_1

Skill      XL: |  1  2  3  4  5  6  7  8  9 10 11 12 13 |
---------------+----------------------------------------+-----
Axes           | 4 5 6 7 8 9 12 13 14 16 | 16.0
Fighting       | 4 5 6 7 8 9 11 12 14 | 14.7
Ranged Weapons | 4 7 11 14 15 | 15.1
Armour         | 3 5 |  5.3
Evocations     | 1 3 |  3.0
Throwing       | 2 |  2.7
Stealth        | 2 |  2.4
Dodging        | 4 |  4.0

Action                     |  1- 3 |  4- 6 |  7- 9 | 10-12 | 13-15 || total
---------------------------+-------+-------+-------+-------+-------++-------
  Melee: Hand axe          |    98 |    69 |       |       |       ||   167
         Headbutt          |    17 |     9 |    35 |    46 |    14 ||   121
         Punch             |     1 |     1 |     2 |     4 |     1 ||     9
         Flail             |       |    40 |   191 |       |       ||   231
         War axe           |       |       |    85 |   297 |    90 ||   472
         Eveningstar       |       |       |       |     3 |     3 ||     6
   Fire: Shortbow          |       |       |    27 |    31 |       ||    58
         Arbalest          |       |       |       |   103 |    29 ||   132
  Throw: Stone             |     5 |     1 |       |       |       ||     6
         Boomerang         |       |       |    24 |       |       ||    24
         Dart              |       |       |     4 |    10 |     9 ||    23
 Invoke: Berserk           |     1 |     4 |     7 |     7 |     1 ||    20
         Trog's Hand       |       |       |     5 |    18 |     5 ||    28
  Evoke: Wand              |       |       |     4 |     7 |    11 ||    22
    Use: Scroll            |     1 |     3 |    19 |     7 |     4 ||    34
         Potion            |       |       |       |       |     1 ||     1
   Stab: Paralysed         |       |       |       |     7 |       ||     7
 Armour: Animal skin       |     4 |       |       |       |       ||     4
         Scale mail        |    26 |     4 |       |       |       ||    30
         Ring mail         |       |    38 |   186 |   132 |    68 ||   424
  Dodge: Dodged            |    52 |    55 |   216 |   172 |    90 ||   585
  Block: Other             |       |       |       |    12 |       ||    12
         Reflection        |       |       |       |     3 |       ||     3

Table legend: (Time is in decaauts)
 A = Elapsed time spent in this place.
 B = Non-inter-level travel time spent in this place.
 C = Inter-level travel time spent in this place.
 D = Time resting spent in this place.
 E = Time spent auto-exploring this place.
 F = Levels seen in this place.
 G = Mean time per level.
                   A        B        C        D        E       F      G
               +--------+--------+--------+--------+--------+-----+--------+
         Total |  17081 |  16538 |    543 |   3097 |  10293 |  18 |  948.9 |
       Dungeon |  10708 |  10365 |    343 |   2034 |   6424 |  11 |  973.5 |
          Lair |   5321 |   5122 |    199 |   1011 |   3172 |   5 | 1064.2 |
         Sewer |    528 |    528 |      0 |      0 |    362 |   1 |  528.0 |
       Ossuary |    522 |    522 |      0 |     51 |    335 |   1 |  522.0 |
               +--------+--------+--------+--------+--------+-----+--------+

Top non-repeatable levels by time:
  Lair:2: 1422 daAuts
  Lair:4: 1405 daAuts
    D:11: 1349 daAuts
     D:4: 1306 daAuts
  Lair:3: 1115 daAuts
  Lair:1: 1104 daAuts
     D:6: 1069 daAuts
     D:9: 1004 daAuts
    D:10: 991 daAuts
     D:1: 976 daAuts
     D:8: 949 daAuts
     D:2: 929 daAuts
     D:5: 732 daAuts
     D:3: 725 daAuts
     D:7: 675 daAuts
